 Dungeon Crawl Stone Soup version 0.17-a0-1949-g1acca9a (webtiles) character file.

512 Kusio the Basher (level 7, 0/70 HPs)
             Began as an Ogre Berserker on Oct 2, 2015.
             Was a Priest of Trog.
             Slain by a worker ant (2 damage)
             ... on level 4 of the Dungeon.
             The game lasted 00:07:05 (2510 turns).

Kusio the Basher (Ogre Berserker)                   Turns: 2510, Time: 00:07:05

Health: 0/70       AC:  4    Str: 23    XL:     7   Next: 19%
Magic:  7/7        EV: 16    Int:  6    God:    Trog [***...]
Gold:   197        SH:  0    Dex: 19    Spells: 0 memorised, 6 levels left

rFire  + . .     SeeInvis .     a - +0 mace
rCold  x . .     Clarity  .     b - +1 animal skin
rNeg   . . .     SustAt   .     (no shield)
rPois  .         Gourm    .     (helmet restricted)
rElec  .         Spirit   .     (no cloak)
rCorr  .         Warding  .     (gloves unavailable)
rMut   .         Stasis   .     (boots unavailable)
MR     .....                    (no amulet)
Stlth  +++.......               v - +3 ring of dexterity
                                e - ring of fire

@: agile, lethally poisoned (0 -> -32), invisible, not resistant to hostile
enchantments, fairly stealthy
A: unfitting armour, tough skin 1
a: Burn Spellbooks, Berserk, Trog's Hand, Renounce Religion


You were on level 4 of the Dungeon.
You worshipped Trog.
Trog was most pleased with you.
You were very hungry.

You visited 1 branch of the dungeon, and saw 4 of its levels.

You collected 197 gold pieces.

Inventory:

Hand weapons
 a - a +0 mace (weapon)
 i - a +0 giant spiked club
 r - a +0 blowgun
Missiles
 n - 5 javelins (quivered)
 s - 6 curare-tipped needles
Armour
 b - a +1 animal skin (worn)
Jewellery
 e - a ring of fire (left hand)
 u - an uncursed ring of fire
 v - a +3 ring of dexterity (right hand)
Scrolls
 d - a scroll of amnesia {unknown}
 f - a scroll of blinking {unknown}
 g - 2 scrolls of enchant armour
 o - a scroll of fog {unknown}
 q - 2 scrolls of identify {unknown}
Potions
 p - a potion of mutation {unknown}
 t - a potion of berserk rage {unknown}
Comestibles
 c - 4 bread rations
 h - 2 meat rations
 k - a slice of pizza


   Skills:
 - Level 4.0 Fighting
 + Level 10.4 Maces & Flails
 - Level 2.6 Dodging


You had 6 spell levels left.
You didn't know any spells.

Dungeon Overview and Level Annotations

Branches:
Dungeon (4/15)
 Temple: D:4-7

Altars:


Innate Abilities, Weirdness & Mutations

You are too large for most types of armour.
You have tough skin (AC +1).


Message History

You are more poisoned.
The worker ant poisons you!
Drink which item? (? for menu, Esc to quit)
It was a potion of agility.
You feel agile all of a sudden.
* * * LOW HITPOINT WARNING * * *
You feel sick. The worker ant closely misses you.
Drink which item? (? for menu, Esc to quit)
It was a potion of poison.
That liquid tasted very nasty...
You are more poisoned.
* * * LOW HITPOINT WARNING * * *
You feel very sick. The worker ant barely misses you.
Drink which item? (? for menu, Esc to quit)
It was a potion of invisibility.
You fade into invisibility!
* * * LOW HITPOINT WARNING * * *
You feel very sick. The worker ant bites you.
You die...

.#.........#.#
#..#..........
#.##..#####.##
#.##..########
#.............
###...########
#..## #..#
#@.#
#...a........
#.###..######
####


You could see a worker ant.

Vanquished Creatures
  Sigmund (D:2)
  Eustachio (D:4)
  An ogre (D:4)
  A worker ant (D:4)
  2 hound skeletons (D:4)
  2 adders
  A worm (D:2)
  2 giant geckos
  An orc (D:3)
  6 giant cockroaches
  7 hobgoblins
  8 jackals
  8 kobolds
  8 bats
  5 giant newts
  5 goblins
  8 rats
67 creatures vanquished.

Notes
Turn   | Place    | Note
--------------------------------------------------------------
     0 | D:1      | Kusio the Ogre Berserker began the quest for the Orb.
     0 | D:1      | Reached XP level 1. HP: 24/24 MP: 1/1
   193 | D:1      | Reached XP level 2. HP: 22/32 MP: 2/2
   241 | D:1      | Reached skill level 5 in Maces & Flails
   613 | D:1      | Reached XP level 3. HP: 29/39 MP: 3/3
   620 | D:1      | Acquired Trog's second power
  1375 | D:2      | Noticed Sigmund
  1388 | D:2      | Killed Sigmund
  1388 | D:2      | Reached skill level 8 in Maces & Flails
  1388 | D:2      | Reached XP level 4. HP: 40/48 MP: 4/4
  1388 | D:2      | Reached XP level 5. HP: 45/54 MP: 5/5
  1943 | D:3      | Reached XP level 6. HP: 62/62 MP: 6/6
  2242 | D:4      | Reached skill level 9 in Maces & Flails
  2273 | D:4      | Noticed Eustachio
  2285 | D:4      | Killed Eustachio
  2285 | D:4      | Reached skill level 10 in Maces & Flails
  2285 | D:4      | Reached XP level 7. HP: 70/70 MP: 7/7
  2510 | D:4      | HP: 2/70 [poison (a potion of poison)]
  2510 | D:4      | Slain by a worker ant

Vault maps used:
D:1:      dpeg_cavernosity
D:2:      first_bread, uniq_sigmund
D:4:      uniq_eustachio, uniq_menkaure

Action                   |  1- 3 |  4- 6 |  7- 9 || total
-------------------------+-------+-------+-------++-------
Melee: Mace              |   130 |    73 |    32 ||   235
 Fire: Blowgun           |       |     6 |       ||     6
Invok: Berserk           |     2 |     2 |       ||     4
  Use: Potion            |       |       |     3 ||     3
       Scroll            |       |       |     1 ||     1
 Stab: Sleeping          |     1 |       |       ||     1
  Eat: Chunk             |     3 |     4 |     1 ||     8
